 Dungeon Crawl Stone Soup version 0.26-a0-720-g2a1d101370 (webtiles) character file.

Game seed: 16699061063606660572

88826 iamoutofideas the Thaumaturge (level 15, -1/117 HPs)
             Began as a Gnoll Ice Elementalist on Nov 3, 2020.
             Was a High Priest of Vehumet.
             Slain by a skeletal warrior
             ... wielding a +0 trident
             ... led by a death knight
              (11 damage)
             ... on level 13 of the Dungeon.
             The game lasted 01:06:37 (27328 turns).

iamoutofideas the Thaumaturge (GnIE)               Turns: 27328, Time: 01:06:37

Health: -1/117     AC: 18    Str: 14    XL:     15   Next: 95%
Magic:  37/39      EV: 18    Int: 22    God:    Vehumet [*****.]
Gold:   459        SH:  7    Dex: 17    Spells: 5/36 levels left

rFire    + + +     SeeInvis .   C - +1 long sword (vamp)
rCold    + . .     Faith    .   H - +0 buckler {AC+3}
rNeg     . . .     Spirit   .   U - +1 ring mail of Beogh's Indignation {Rampage rF+ MR+}
rPois    +         Reflect  .   (helmet restricted)
rElec    .         Harm     .   k - scarf {rC+ rF+}
rCorr    .         Rampage  +   M - +2 pair of gloves {Str+3}
MR       +....                  m - +2 pair of boots {run}
Stlth    ++++......             E - amulet of regeneration
HPRegen  0.69/turn              R - ring of magical power
MPRegen  0.26/turn              o - ring of poison resistance

@: vulnerable, quick
A: distributed training, fangs 1, horns 1, fire resistance 1, poison resistance,
evolution 1, subdued magic 1, strong nose
a: Renounce Religion


You were on level 13 of the Dungeon.
You worshipped Vehumet.
Vehumet was extremely pleased with you.
You visited 4 branches of the dungeon, and saw 22 of its levels.
You also visited: Bailey, Ice Cave and Volcano.

You collected 2944 gold pieces.
You spent 2485 gold pieces at shops.

Inventory:

Hand Weapons
 c - the +7 long sword of Accord {vorpal, *Drain rPois Str+3 Dex+4}
   (You bought it in a shop on level 2 of the Orcish Mines)

   It inflicts extra damage upon your enemies.
   It affects your strength (+3).
   It affects your dexterity (+4).
   It protects you from poison.
   It causes draining when unequipped.
 w - a +6 vorpal hand axe
 C - a +1 vampiric long sword (weapon)
 S - the +7 trident of Unpleasantness {vorpal, Dex+3}
   (You found it on level 5 of the Lair of Beasts)

   It inflicts extra damage upon your enemies.
   It affects your dexterity (+3).
Armour
 k - a scarf of resistance (worn)
 m - a +2 pair of boots of running (worn)
 s - a +3 scale mail of magic resistance
 t - a +0 helmet
 H - a +0 buckler of protection (worn)
 M - a +2 pair of gloves of strength (worn)
 U - the +1 ring mail of Beogh's Indignation (worn) {Rampage rF+ MR+}
   (You found it in an ice cave)

   It protects you from fire.
   It affects your resistance to hostile enchantments.
   It bestows one free step when moving towards enemies.
Magical Staves
 G - an uncursed staff of fire
Jewellery
 o - a ring of poison resistance (right hand)
 p - a +6 ring of strength
 B - an uncursed ring of resist corrosion
 E - an amulet of regeneration (around neck)
 F - an uncursed ring of see invisible
 K - an uncursed ring of protection from magic
 R - a ring of magical power (left hand)
 W - an uncursed ring of protection from cold
Wands
 h - a wand of acid (5)
 n - a wand of iceblast (38)
 P - a wand of digging (2)
 Q - a wand of flame (50)
 Y - a wand of disintegration (17)
Scrolls
 b - a scroll of fog
 f - 5 scrolls of amnesia
 i - 8 scrolls of teleportation
 j - 7 scrolls of remove curse
 l - 2 scrolls of fear
 q - 3 scrolls of enchant armour
 x - 2 scrolls of immolation
 y - 2 scrolls of identify
 D - 7 scrolls of blinking
 I - 2 scrolls of holy word
Potions
 a - 5 potions of curing
 d - 3 potions of stabbing
 e - a potion of heal wounds
 g - 5 potions of flight
 u - 2 potions of cancellation
 v - 2 potions of brilliance
 z - 5 potions of magic
 A - a potion of resistance
 L - 2 potions of lignification
 N - 6 potions of might
 T - 2 potions of mutation
Miscellaneous
 r - a tin of tremorstones (3/3)
 X - a condenser vane (1/2)


   Skills:
 + Level 10.4 Fighting
 + Level 10.4 Short Blades
 + Level 10.4 Long Blades
 + Level 10.4 Axes
 + Level 10.4 Maces & Flails
 + Level 10.4 Polearms
 + Level 10.4 Staves
 + Level 10.4 Slings
 + Level 10.4 Bows
 + Level 10.4 Crossbows
 + Level 10.4 Throwing
 + Level 10.4 Armour
 + Level 11.3 Dodging
 + Level 11.1 Stealth
 + Level 10.4 Shields
 + Level 10.4 Unarmed Combat
 + Level 11.4 Spellcasting
 + Level 8.8 Conjurations
 + Level 8.8 Hexes
 + Level 8.8 Summonings
 + Level 8.8 Necromancy
 + Level 8.8 Translocations
 + Level 8.8 Transmutations
 + Level 8.8 Fire Magic
 + Level 11.2 Ice Magic
 + Level 8.8 Air Magic
 + Level 8.8 Earth Magic
 + Level 8.8 Poison Magic
 + Level 11.2 Invocations
 + Level 10.4 Evocations


You had 5 spell levels left.
You knew the following spells:

 Your Spells              Type           Power        Failure   Level
a - Freeze                Ice            ####         1%          1
b - Frozen Ramparts       Ice            #####.       1%          3
c - Ozocubu's Armour      Ice            #####...     1%          3
d - Blink                 Tloc           N/A          1%          2
e - Mephitic Cloud        Conj/Pois/Air  #####...     1%          3
f - Hailstorm             Conj/Ice       #####...     1%          4
h - Olgreb's Toxic Radia  Pois           #####...     1%          4
i - Fireball              Conj/Fire      #####.....   1%          5
j - Freezing Cloud        Conj/Ice/Air   #####.....   6%          6

Your spell library contained the following spells:

 Spells                   Type           Power        Failure   Level
 Conjure Ball Lightning   Conj/Air       #####.....   9%          6
 Animate Skeleton         Necr           #####.       1%          1
 Beastly Appendage        Tmut           #####.       1%          1
 Magic Dart               Conj           ####         1%          1
 Pain                     Necr           ####         1%          1
 Shock                    Conj/Air       ####         1%          1
 Call Imp                 Summ           #####...     1%          2
 Ensorcelled Hibernation  Hex/Ice        #####.       1%          2
 Passwall                 Tmut/Erth      #####...     1%          2
 Slow                     Hex            #####...     1%          2
 Wereblood                Tmut           #####...     1%          2
 Confusing Touch          Hex            #####...     1%          3
 Conjure Flame            Conj/Fire      #####...     1%          3
 Gell's Gravitas          Tloc           #####.....   1%          3
 Spider Form              Tmut/Pois      #####.....   1%          3
 Static Discharge         Conj/Air       #####...     1%          3
 Vampiric Draining        Necr           #####.....   1%          3
 Animate Dead             Necr           #####.....   1%          4
 Ice Form                 Ice/Tmut       #####...     1%          4
 Petrify                  Tmut/Erth      #####...     1%          4
 Summon Ice Beast         Ice/Summ       #####...     1%          4
 Bolt of Magma            Conj/Fire/Erth #####.....   1%          5
 Irradiate                Conj/Tmut      #####.....   1%          5
 Yara's Violent Unravell  Hex/Tmut       #####.....   1%          5
 Metabolic Englaciation   Hex/Ice        #####.....   3%          5
 Agony                    Necr           #####...     5%          5
 Blade Hands              Tmut           #####.....   5%          5
 Ozocubu's Refrigeration  Ice            #####.....   3%          6
 Shadow Creatures         Summ           N/A          32%         6


Dungeon Overview and Level Annotations

Branches:
Dungeon (13/15)            Temple (1/1) D:7            Lair (6/6) D:10
  Swamp (0/4) Lair:3        Snake (0/4) Lair:2        Slime (0/5) Lair:5
    Orc (2/2) D:12            Elf (0/3) Orc:2        Vaults (0/5) D:13
 Bailey (visited)           IceCv (visited)         Volcano (visited)

Altars:
Ashenzari
Cheibriados
Dithmenos
Elyvilon
Fedhas
Gozag
Hepliaklqana
Kikubaaqudgha
Makhleb
Nemelex Xobeh
Okawaru
Qazlal
Ru
Sif Muna
Trog
Uskayaw
Vehumet
Wu Jian
Xom
Yredelemnul
Zin
The Shining One

Shops:
D:4 [   D:8 ??=?*   D:11 [   D:12 ([[   Orc:1 =   Orc:2 =!*=*

Annotations:
D:13 2 runed translucent doors, Dirphi Vium's ghost, journeyman MiBe
Lair:2 exclusion: oklob plant
Lair:5 exclusion: 2 oklob plants
Lair:6 2 runed translucent doors


Innate Abilities, Weirdness & Mutations

Your experience applies equally to all skills.
You have very sharp teeth.
Your uncanny sense of smell can sniff out nearby items.
You have a pair of small horns on your head.
Your flesh is heat resistant. (rF+)
Your system is resistant to poisons. (rPois)
You evolve.
Your spells are a little easier to cast, but a little less powerful.


Message History

* * * LOW HITPOINT WARNING * * *
Unknown command.
The death knight mumbles some strange prayers to Yredelemnul against you.
You struggle to resist.
The phantasmal warrior hits you!
* * * LOW HITPOINT WARNING * * *
You feel much better. The phantasmal warrior hits you!
* * * LOW HITPOINT WARNING * * *
The skeletal warrior hits you from afar with a +0 trident!
* * * LOW HITPOINT WARNING * * *
Okay, then.
Okay, then.
Casting: Mephitic Cloud (safe; 1% risk of failure)
Confirm with . or Enter, or press ? or * to list all spells.
Okay, then.
Casting: Mephitic Cloud (safe; 1% risk of failure)
Confirm with . or Enter, or press ? or * to list all spells.
You blink.
The phantasmal warrior hits you!
* * * LOW HITPOINT WARNING * * *
The skeletal warrior hits you from afar with a +0 trident!
You die...

.###.......#..#,...........######
.* #...........#+#....#####.....#
,**#.......###.#.#....##...†....#
,,,#.......# *..................#
,,,#.......####.................#
,..#..........#.................#
............p.z.§.............###
###..>..#'#....W>)...#.)....)(#
,*#.....#.#.....@....#).......#
,.......#.##...###...#........#
...^^^..#...##......##.....)..#
...^_^..###.##......##).......#
,..^^....##.........##.)))....#
,...............#.......#######
,.[.....................#
,*#.....................##
**#......####............#


You could see a death knight (reflects damage), a skeletal warrior and a
phantasmal warrior.

Vanquished Creatures
  A stone giant (Volcano)
  A white draconian (IceCv)
  Fannar (D:12)
  8 vault guards
  Erolcha (D:12)
  5 hydras
  A centaur warrior (D:10)
  A boulder beetle (Lair:2)
  6 ogre magi
  21 two-headed ogres
  6 death yaks
  8 skeletal warriors
  2 unseen horrors
  2 lindwurms
  2 orc knights
  2 ugly things (D:12)
  A deep elf mage (D:13)
  A wolf spider (Lair:5)
  2 manticores
  12 elephants
  3 molten gargoyles (Lair:6)
  7 black mambas
  Joseph (D:8)
  An ice statue (IceCv)
  3 gargoyles
  A cane toad (shapeshifter) (D:10)
  Maggie (D:10)
  9 cane toads
  2 centaur skeletons
  An efreet (Volcano)
  A rime drake (IceCv)
  6 komodo dragons
  The ghost of Alcibiades the Summoner, a novice BaSu (D:4)
  2 ice devils (Lair:1)
  17 polar bears
  7 trolls
  A merfolk (D:9)
  3 hornets
  Prince Ribbit (D:8)
  12 blink frogs
  A vampire (D:10)
  A shadow (D:12)
  51 yaks
  A wyvern (D:11)
  A fire elemental (Volcano)
  A steam dragon (Lair:6)
  7 basilisks
  4 wargs
  2 nagas (Lair:2)
  4 hell hounds (Lair:6)
  Duvessa (D:7)
  11 water moccasins
  3 black bears
  2 hornet zombies
  3 ice beasts
  7 sky beasts
  17 orc warriors
  A necrophage (D:13)
  33 ogres
  A phantom (D:10)
  23 wolves
  11 centaurs
  A big kobold (D:8)
  21 bullfrogs
  A wyvern zombie (D:8)
  Dowan (D:7)
  An earth elemental (Volcano)
  6 killer bees
  An electric eel (Lair:2)
  4 howler monkeys
  2 bullfrog zombies
  4 lava snakes (Lair:6)
  A jelly (D:8)
  13 orc wizards
  7 orc priests
  5 hounds
  4 bullfrog skeletons
  Jessica (D:5)
  6 iguanas
  11 worker ants
  A hound skeleton (D:4)
  12 gnolls
  20 adders
  5 white imps
  An ooze (D:1)
  2 adder skeletons
  6 worms
  A dart slug (D:3)
  6 leopard geckos
  79 orcs
  7 bats
  3 giant cockroaches
  10 goblins
  13 hobgoblins
  9 jackals
  4 quokkas
  A ball python (D:1)
  3 frilled lizards
  A jackal skeleton (D:5)
  22 kobolds
  4 rats
650 creatures vanquished.

Vanquished Creatures (others)
  3 polar bears (IceCv)
  A lava snake (Lair:6)
  A quokka (D:11)
  35 fungi
  75 plants
115 creatures vanquished.

Grand Total: 765 creatures vanquished

Notes
Turn   | Place    | Note
-------+----------+-------------------------------------------
     0 | D:1      | iamoutofideas the Gnoll Ice Elementalist began the quest
                  | for the Orb.
     0 | D:1      | Reached XP level 1. HP: 13/13 MP: 6/6
   157 | D:1      | Reached XP level 2. HP: 19/19 MP: 2/7
   893 | D:2      | Reached XP level 3. HP: 19/25 MP: 7/9
   987 | D:2      | Reached skill level 5 in Spellcasting
   992 | D:2      | Learned a level 3 spell: Frozen Ramparts
   996 | D:2      | Learned a level 3 spell: Ozocubu's Armour
  1210 | D:2      | Reached skill level 1 in Invocations
  1273 | D:2      | HP: 1/25 [gnoll/+0 spear of freezing (3)]
  1276 | D:2      | Reached skill level 1 in Fighting
  1276 | D:2      | Reached skill level 1 in Short Blades
  1276 | D:2      | Reached skill level 1 in Long Blades
  1276 | D:2      | Reached skill level 1 in Axes
  1276 | D:2      | Reached skill level 1 in Maces & Flails
  1276 | D:2      | Reached skill level 1 in Polearms
  1276 | D:2      | Reached skill level 1 in Staves
  1276 | D:2      | Reached skill level 1 in Slings
  1276 | D:2      | Reached skill level 1 in Bows
  1276 | D:2      | Reached skill level 1 in Crossbows
  1276 | D:2      | Reached skill level 1 in Throwing
  1276 | D:2      | Reached skill level 1 in Armour
  1276 | D:2      | Reached skill level 1 in Shields
  1276 | D:2      | Reached skill level 1 in Unarmed Combat
  1276 | D:2      | Reached skill level 1 in Evocations
  1279 | D:2      | Reached XP level 4. HP: 3/32 MP: 7/11
  1740 | D:2      | Reached skill level 1 in Conjurations
  1740 | D:2      | Reached skill level 1 in Hexes
  1740 | D:2      | Reached skill level 1 in Summonings
  1740 | D:2      | Reached skill level 1 in Necromancy
  1740 | D:2      | Reached skill level 1 in Translocations
  1740 | D:2      | Reached skill level 1 in Transmutations
  1740 | D:2      | Reached skill level 1 in Fire Magic
  1740 | D:2      | Reached skill level 1 in Air Magic
  1740 | D:2      | Reached skill level 1 in Earth Magic
  1740 | D:2      | Reached skill level 1 in Poison Magic
  2232 | D:3      | Reached XP level 5. HP: 37/37 MP: 10/12
  2736 | D:3      | You fall into a shaft and drop 2 floors!
  2736 | D:5      | Entered Level 5 of the Dungeon
  2737 | D:5      | Noticed Jessica
  2739 | D:5      | Killed Jessica
  2740 | D:5      | Found a shimmering blue altar of Sif Muna.
  2811 | D:5      | Noticed a phantom
  2820 | D:5      | Reached XP level 6. HP: 37/44 MP: 9/13
  3553 | D:4      | Found Qyuwyqi's Armour Shoppe.
  3615 | D:4      | Reached skill level 5 in Dodging
  3617 | D:4      | Found a runed translucent door.
  3643 | D:4      | HP: 3/66 [poisoned by an orc wizard]
  3650 | D:4      | HP: 2/66 [poisoned by an orc wizard]
  3655 | D:4      | HP: 2/66 [poisoned by an orc wizard]
  3661 | D:4      | HP: 2/66 [poisoned by an orc wizard]
  3667 | D:4      | HP: 2/66 [poisoned by an orc wizard]
  3673 | D:4      | HP: 2/66 [poisoned by an orc wizard]
  3702 | D:4      | Noticed Alcibiades's ghost (novice BaSu)
  4440 | D:4      | Reached XP level 7. HP: 50/50 MP: 15/15
  4961 | D:5      | Learned a level 2 spell: Blink
  4965 | D:5      | Learned a level 3 spell: Mephitic Cloud
  4970 | D:5      | Learned a level 4 spell: Hailstorm
  5210 | D:5      | Found a hazy altar of Hepliaklqana.
  5256 | D:5      | Found a shimmering altar of Xom.
  5257 | D:5      | Noticed a spectral ugly thing
  5656 | D:6      | Found a glowing golden altar of the Shining One.
  5752 | D:6      | Reached skill level 5 in Stealth
  6049 | D:7      | Reached XP level 8. HP: 57/57 MP: 12/16
  6130 | D:7      | Found a staircase to the Ecumenical Temple.
  6139 | Temple   | Entered the Ecumenical Temple
  6350 | Temple   | Became a worshipper of Vehumet
  6653 | D:7      | Noticed Duvessa
  6653 | D:7      | Noticed Dowan
  6669 | D:7      | Killed Duvessa
  6678 | D:7      | Killed Dowan
  7435 | D:8      | Found Zafenon's Magic Scroll Shop.
  7438 | D:8      | Bought a scroll of immolation for 42 gold pieces
  7438 | D:8      | Bought a scroll of teleportation for 36 gold pieces
  7444 | D:8      | Found a blossoming altar of Fedhas.
  7447 | D:8      | Found an ancient bone altar of Kikubaaqudgha.
  7480 | D:8      | Found Potyith's Jewellery Emporium.
  7514 | D:8      | Reached XP level 9. HP: 29/65 MP: 12/18
  7538 | D:8      | Found Ceoqeu's General Store.
  7539 | D:8      | Found an ornate altar of the Wu Jian Council.
  7720 | D:8      | Noticed Prince Ribbit
  8009 | D:8      | Bought a potion of curing for 42 gold pieces
  8047 | D:8      | Found Leeto's Magic Scroll Boutique.
  8079 | D:8      | Noticed Joseph
  8108 | D:8      | Killed Joseph
  8409 | D:8      | Killed Prince Ribbit
  8549 | D:8      | Reached * piety under Vehumet
  8549 | D:8      | Offered knowledge of Foxfire by Vehumet.
  8680 | D:8      | Found Qeokhoeq's Magic Scroll Shop.
  8688 | D:8      | Bought a scroll of blinking for 105 gold pieces
  8688 | D:8      | Bought a scroll of blinking for 105 gold pieces
  8920 | D:8      | Found a stormy altar of Qazlal.
  8936 | D:8      | Reached skill level 5 in Invocations
  9104 | D:9      | Reached XP level 10. HP: 50/73 MP: 16/20
  9107 | D:9      | Reached skill level 5 in Fighting
  9107 | D:9      | Reached skill level 5 in Short Blades
  9107 | D:9      | Reached skill level 5 in Long Blades
  9107 | D:9      | Reached skill level 5 in Axes
  9107 | D:9      | Reached skill level 5 in Maces & Flails
  9107 | D:9      | Reached skill level 5 in Polearms
  9107 | D:9      | Reached skill level 5 in Staves
  9107 | D:9      | Reached skill level 5 in Slings
  9107 | D:9      | Reached skill level 5 in Bows
  9107 | D:9      | Reached skill level 5 in Crossbows
  9107 | D:9      | Reached skill level 5 in Throwing
  9107 | D:9      | Reached skill level 5 in Armour
  9107 | D:9      | Reached skill level 5 in Shields
  9107 | D:9      | Reached skill level 5 in Unarmed Combat
  9107 | D:9      | Reached skill level 5 in Evocations
  9153 | D:9      | Found a flagged portal.
  9175 | Bailey   | Entered a bailey
  9195 | Bailey   | Noticed an orc knight
  9205 | Bailey   | Reached ** piety under Vehumet
  9205 | Bailey   | Offered knowledge of Sandblast by Vehumet.
  9215 | Bailey   | Killed an orc knight
  9855 | D:9      | Got a smoking robe
  9856 | D:9      | Identified the +4 robe of Bixkeung {rElec Dex-2 SInv} (You
                  | found it on level 9 of the Dungeon)
  9981 | D:9      | Offered knowledge of Stone Arrow by Vehumet.
 10537 | D:4      | Bought a +0 helmet for 45 gold pieces
 10558 | D:4      | Killed Alcibiades's ghost
 10709 | D:10     | Entered Level 10 of the Dungeon
 10816 | D:10     | Noticed a two-headed ogre
 10829 | D:10     | Killed a two-headed ogre
 10829 | D:10     | Reached XP level 11. HP: 31/81 MP: 14/22
 10935 | D:10     | Reached *** piety under Vehumet
 11068 | D:10     | Found a staircase to the Lair.
 11254 | D:10     | Reached skill level 5 in Conjurations
 11254 | D:10     | Reached skill level 5 in Hexes
 11254 | D:10     | Reached skill level 5 in Summonings
 11254 | D:10     | Reached skill level 5 in Necromancy
 11254 | D:10     | Reached skill level 5 in Translocations
 11254 | D:10     | Reached skill level 5 in Transmutations
 11254 | D:10     | Reached skill level 5 in Fire Magic
 11254 | D:10     | Reached skill level 5 in Air Magic
 11254 | D:10     | Reached skill level 5 in Earth Magic
 11254 | D:10     | Reached skill level 5 in Poison Magic
 11330 | D:10     | Noticed a two-headed ogre
 11344 | D:10     | Killed a two-headed ogre
 11346 | D:10     | Noticed a manticore
 11391 | D:10     | Noticed an ogre mage
 11400 | D:10     | Killed an ogre mage
 11451 | D:10     | Offered knowledge of Static Discharge by Vehumet.
 11630 | D:10     | Learned a level 3 spell: Static Discharge
 11634 | D:10     | Noticed a centaur warrior
 11652 | D:10     | Killed a centaur warrior
 11705 | D:10     | Noticed Maggie
 11705 | D:10     | Noticed a harpy
 11713 | D:10     | a harpy changed into a shapeshifter
 11753 | D:10     | Killed Maggie
 12047 | D:10     | Identified Osemokh's Papyrus of Supportive Battle Magic
 12060 | D:10     | Identified the Catalogue of Frigorific Earth
 12066 | D:10     | Got a polished dagger
 12066 | D:10     | Got a pair of steaming gloves
 12172 | D:10     | Reached **** piety under Vehumet
 12182 | D:10     | Identified the cursed +2 dagger of Watchfulness {pain,
                  | Int+4} (You found it on level 10 of the Dungeon)
 12194 | D:10     | Identified the cursed +0 pair of gloves "Sajaas" {*Corrode
                  | rF+ Regen+} (You found it on level 10 of the Dungeon)
 12225 | D:10     | Got a transparent battleaxe
 12226 | D:10     | Identified the cursed +1 battleaxe of the Cup {venom,
                  | Dex+3} (You found it on level 10 of the Dungeon)
 12315 | D:10     | Killed a manticore
 12716 | D:8      | Bought a scroll of fear for 42 gold pieces
 12716 | D:8      | Bought a scroll of remove curse for 36 gold pieces
 12797 | D:11     | Noticed a manticore
 12807 | D:11     | Noticed a skeletal warrior
 13100 | D:10     | Offered knowledge of Olgreb's Toxic Radiance by Vehumet.
 13105 | D:10     | Killed a skeletal warrior
 13149 | D:11     | Noticed a skeletal warrior
 13245 | D:11     | Noticed a two-headed ogre
 13525 | D:11     | Noticed a skeletal warrior
 13526 | D:11     | Noticed a skeletal warrior
 13530 | D:11     | Killed a manticore
 13530 | D:11     | Reached XP level 12. HP: 60/89 MP: 20/24
 13558 | D:11     | Killed a two-headed ogre
 13570 | D:11     | Found a shimmering altar of Xom.
 14373 | D:11     | Found Fonov's Antique Armour Shoppe.
 14390 | D:11     | Found a white marble altar of Elyvilon.
 14599 | D:12     | Found Hatzaul's Antique Armour Emporium.
 14602 | D:12     | Noticed a two-headed ogre
 14744 | D:12     | Killed a two-headed ogre
 14797 | D:12     | Bought a runed buckler for 187 gold pieces
 14797 | D:12     | Bought a pair of glowing gloves for 187 gold pieces
 14830 | D:12     | Found Hesanise's Weapon Shoppe.
 14831 | D:12     | Noticed Erolcha
 14832 | D:12     | Found a staircase to the Orcish Mines.
 14844 | D:12     | Killed Erolcha
 14854 | D:12     | Found Sanyan's Armour Shoppe.
 14924 | D:12     | Noticed a seven-headed hydra
 14940 | D:12     | Killed a seven-headed hydra
 15206 | D:12     | Noticed Fannar
 15241 | D:12     | Killed Fannar
 15588 | D:12     | Gained mutation: You are clumsy. (Dex -2) [potion of
                  | mutation]
 15588 | D:12     | Gained mutation: You are partially covered in yellow
                  | scales. (AC +2) [potion of mutation]
 15706 | D:8      | Learned a level 4 spell: Olgreb's Toxic Radiance
 15712 | D:8      | Learned a level 5 spell: Fireball
 15775 | Lair:1   | Entered Level 1 of the Lair of Beasts
 15840 | Lair:1   | Found a frozen archway.
 15915 | IceCv    | Entered an ice cave
 15925 | IceCv    | Reached XP level 13. HP: 85/98 MP: 14/26
 16661 | IceCv    | Reached ***** piety under Vehumet
 16701 | IceCv    | Offered knowledge of Fulminant Prism by Vehumet.
 17053 | IceCv    | Reached skill level 10 in Ice Magic
 17229 | IceCv    | Noticed a white draconian
 17242 | IceCv    | Killed a white draconian
 17279 | IceCv    | Identified the Grimoire of the Glacier
 17298 | IceCv    | Got a fine ring mail
 17329 | IceCv    | Identified the cursed +1 ring mail of Beogh's Indignation
                  | {Rampage rF+ MR+} (You found it in an ice cave)
 18401 | Lair:2   | Found a staircase to the Snake Pit.
 18917 | D:11     | Reached skill level 10 in Spellcasting
 19298 | D:12     | Bought a +2 pair of boots of running for 622 gold pieces
 19728 | Lair:2   | Reached XP level 14. HP: 100/106 MP: 28/28
 19895 | Lair:2   | Found a broken altar of Ashenzari.
 20509 | Lair:3   | Found a dark tunnel.
 20526 | Lair:3   | Reached skill level 10 in Dodging
 20565 | Volcano  | Entered a volcano
 20661 | Volcano  | Noticed a stone giant
 20677 | Volcano  | Killed a stone giant
 20898 | Lair:3   | Found a staircase to the Swamp.
 21517 | Lair:4   | Reached skill level 10 in Stealth
 22395 | Lair:5   | Reached skill level 10 in Invocations
 22911 | Lair:5   | Got a bloodstained trident
 22914 | Lair:5   | Identified the +7 trident of Unpleasantness {vorpal, Dex+3}
                  | (You found it on level 5 of the Lair of Beasts)
 22973 | Lair:5   | Offered knowledge of Lee's Rapid Deconstruction by Vehumet.
 23750 | Lair:5   | Found a staircase to the Slime Pits.
 23927 | Lair:6   | Entered Level 6 of the Lair of Beasts
 24753 | Lair:6   | Found a large runed translucent door.
 24754 | Lair:6   | Found a large runed translucent door.
 24761 | Lair:6   | Reached XP level 15. HP: 93/115 MP: 29/29
 24781 | Lair:6   | Learned a level 6 spell: Freezing Cloud
 25369 | Orc:1    | Entered Level 1 of the Orcish Mines
 25808 | Orc:2    | Entered Level 2 of the Orcish Mines
 25820 | Orc:2    | Offered knowledge of Lightning Bolt by Vehumet.
 25826 | Orc:2    | Reached skill level 10 in Fighting
 25826 | Orc:2    | Reached skill level 10 in Short Blades
 25826 | Orc:2    | Reached skill level 10 in Long Blades
 25826 | Orc:2    | Reached skill level 10 in Axes
 25826 | Orc:2    | Reached skill level 10 in Maces & Flails
 25826 | Orc:2    | Reached skill level 10 in Polearms
 25826 | Orc:2    | Reached skill level 10 in Staves
 25826 | Orc:2    | Reached skill level 10 in Slings
 25826 | Orc:2    | Reached skill level 10 in Bows
 25826 | Orc:2    | Reached skill level 10 in Crossbows
 25826 | Orc:2    | Reached skill level 10 in Throwing
 25826 | Orc:2    | Reached skill level 10 in Armour
 25826 | Orc:2    | Reached skill level 10 in Shields
 25826 | Orc:2    | Reached skill level 10 in Unarmed Combat
 25826 | Orc:2    | Reached skill level 10 in Evocations
 25837 | Orc:2    | Found Caohia's Jewellery Emporium.
 25837 | Orc:2    | Found Pyluokh's Assorted Antiques.
 25862 | Orc:2    | Found Fegaocwo's Jewellery Shoppe.
 25862 | Orc:2    | Found Ubyteoh's Distillery.
 25937 | Orc:2    | Bought a potion of heal wounds for 70 gold pieces
 25937 | Orc:2    | Bought a potion of magic for 112 gold pieces
 25937 | Orc:2    | Bought a potion of heal wounds for 70 gold pieces
 25937 | Orc:2    | Bought a potion of mutation for 112 gold pieces
 25937 | Orc:2    | Bought a potion of heal wounds for 70 gold pieces
 25937 | Orc:2    | Bought a potion of mutation for 112 gold pieces
 25943 | Orc:2    | Bought a masterwork dagger for 196 gold pieces
 25943 | Orc:2    | Identified the cursed +1 dagger "Dikedul" {freeze, rElec
                  | Int+3} (You bought it in a shop on level 2 of the Orcish
                  | Mines)
 26213 | Orc:2    | Found a staircase to the Elven Halls.
 26281 | Orc:2    | Found Jobubeg's Assorted Antiques.
 26289 | Orc:2    | Bought a scroll labeled OBLA ACESEUQOSO for 31 gold pieces
 26552 | Orc:1    | Found Ezos Ginupp's Jewellery Emporium.
 26703 | Orc:2    | Bought an ichor-stained long sword for 263 gold pieces
 26703 | Orc:2    | Identified the +7 long sword of Accord {vorpal, *Drain
                  | rPois Str+3 Dex+4} (You bought it in a shop on level 2 of
                  | the Orcish Mines)
 26767 | D:13     | Found a gate to the Vaults.
 26904 | D:12     | Offered knowledge of Conjure Ball Lightning by Vehumet.
 26914 | D:12     | Lost mutation: You are clumsy. (Dex -2) [potion of
                  | mutation]
 26914 | D:12     | Lost mutation: You are partially covered in yellow scales.
                  | (AC +2) [potion of mutation]
 26914 | D:12     | Gained mutation: Armour fits poorly on your strangely
                  | shaped body. [potion of mutation]
 26914 | D:12     | Gained mutation: You possess an exceptional clarity of
                  | mind. [potion of mutation]
 26914 | D:12     | Gained mutation: Scrolls take you a little longer to read.
                  | [potion of mutation]
 26914 | D:12     | Gained mutation: You are robust. (+10% HP) [potion of
                  | mutation]
 26916 | D:12     | Lost mutation: You possess an exceptional clarity of mind.
                  | [potion of mutation]
 26916 | D:12     | Lost mutation: Armour fits poorly on your strangely shaped
                  | body. [potion of mutation]
 26916 | D:12     | Gained mutation: You are resistant to electric shocks.
                  | (rElec) [potion of mutation]
 26916 | D:12     | Gained mutation: Your spells are a little easier to cast,
                  | but a little less powerful. [potion of mutation]
 26916 | D:12     | Gained mutation: Your system is resistant to poisons.
                  | (rPois) [potion of mutation]
 26917 | D:12     | Lost mutation: You are robust. (+10% HP) [potion of
                  | mutation]
 26917 | D:12     | Lost mutation: Scrolls take you a little longer to read.
                  | [potion of mutation]
 26917 | D:12     | Lost mutation: You are resistant to electric shocks.
                  | (rElec) [potion of mutation]
 26917 | D:12     | Gained mutation: You have a pair of small horns on your
                  | head. [potion of mutation]
 26917 | D:12     | Gained mutation: Your flesh is heat resistant. (rF+)
                  | [potion of mutation]
 26917 | D:12     | Gained mutation: You evolve. [potion of mutation]
 27231 | D:13     | Found a shimmering altar of Xom.
 27255 | D:13     | Found a runed translucent gate.
 27260 | D:13     | Found a runed translucent gate.
 27268 | D:13     | Noticed Dirphi Vium's ghost (journeyman MiBe)
 27328 | D:13     | Slain by a skeletal warrior

Illustrated notes

Levels and vault maps discovered:
D:1:      onia_arrival_mini_spirals, layout_rooms
D:2:      layout_loops_ring
D:3:      layout_rooms
D:4:      layout_basic, gammafunk_ghost_grave, serial_shops, shop
D:5:      cheibrodos_iron_armory, layout_rooms, regret_index_temple_of_mockery,
          tgw_sif
D:6:      layout_basic, nicolae_tso_carved_into_rock
D:7:      layout_loops_ring, minmay_temple_entry_offerings, uniq_duvessa
D:8:      layout_loops_ring, grunt_temple_overflow_growth_and_decay,
          kennysheep_mini_moat, old_standard_altar, serial_shops, shop,
          kennysheep_mini, shop, shop, shop_fountains, uniq_joseph,
          uniq_prince_ribbit1
D:9:      layout_gridville, enter_bailey_3, hangedman_fish_farm
D:10:     minmay_the_grid_octo_tiled_octocenter
          [minmay_the_grid_octo_thin_diamonds, minmay_the_grid_octo_77,
          minmay_the_grid_octo_concentric, minmay_the_grid_octo_toaster,
          minmay_the_grid_octo_prize_square_snowflake,
          minmay_the_grid_square_5x5_trominoes,
          minmay_the_grid_square_5x5_inner_i, minmay_the_grid_square_5x5_mess,
          minmay_the_grid_square_5x5_inset], layout_irregular_city,
          lair_entry_dummy, hex_medium, minmay_holes, hangedman_decor_points,
          serial_park_tiny_pond, uniq_maggie
D:11:     layout_big_octagon, serial_shops, nicolae_shop_trees, serial_glass,
          glass_columns_c, glass_columns_a, basic_altar, minmay_misc_feat_doors,
          elyvilon_altar_4
D:12:     layout_basic, orc_david_3, serial_shops,
          nicolae_shop_temple_entry_statues_fountains, uniq_erolcha, uniq_fannar
D:13:     layout_basic, erik_vaults_2, ebering_ghost_gozag, serial_bayou_pond_e,
          xom_teletrap_fun
Temple:   eino_temple_water
Lair:1:   layout_cave_pods, portal_ice_cave_demonic_guard
Lair:2:   layout_roguey, guppyfry_snake_entry_garden, lemuel_centaur_altar,
          serial_bayou_shore_a, grunt_megastairs_4
Lair:3:   layout_roguey, minmay_swamp_entry_reptiles,
          nicolae_volcano_entry_vermiform, serial_bayou_pond_e,
          lemuel_fruit_tree
Lair:4:   layout_regular_city
Lair:5:   minmay_lair_venomous_thicket, layout_regular_city,
          minmay_slime_entry_oklob_enclosed, small_statue_intersection
Lair:6:   cheibrodos_lair_end_hotspot, layout_misc_corridors,
          infiniplex_staircase_pool_2
Orc:1:    layout_caves, serial_shops, shop
Orc:2:    st_orc_ogre_mass, layout_caves, serial_shops, shop,
          lightli_orcish_oven

Skill      XL: |  1  2  3  4  5  6  7  8  9 10 11 12 13 14 15 |
---------------+----------------------------------------------+-----
Spellcasting   | 5 6 7 8 9 10 11 | 11.4
Invocations    | 1 2 3 4 5 6 7 8 9 10 11 | 11.2
Fighting       | 1 2 3 4 5 6 7 8 9 10 | 10.4
Short Blades   | 1 2 3 4 5 6 7 8 9 10 | 10.4
Long Blades    | 1 2 3 4 5 6 7 8 9 10 | 10.4
Axes           | 1 2 3 4 5 6 7 8 9 10 | 10.4
Maces & Flails | 1 2 3 4 5 6 7 8 9 10 | 10.4
Polearms       | 1 2 3 4 5 6 7 8 9 10 | 10.4
Staves         | 1 2 3 4 5 6 7 8 9 10 | 10.4
Slings         | 1 2 3 4 5 6 7 8 9 10 | 10.4
Bows           | 1 2 3 4 5 6 7 8 9 10 | 10.4
Crossbows      | 1 2 3 4 5 6 7 8 9 10 | 10.4
Throwing       | 1 2 3 4 5 6 7 8 9 10 | 10.4
Armour         | 1 2 3 4 5 6 7 8 9 10 | 10.4
Shields        | 1 2 3 4 5 6 7 8 9 10 | 10.4
Unarmed Combat | 1 2 3 4 5 6 7 8 9 10 | 10.4
Evocations     | 1 2 3 4 5 6 7 8 9 10 | 10.4
Conjurations   | 1 2 3 4 5 6 7 8 |  8.8
Hexes          | 1 2 3 4 5 6 7 8 |  8.8
Summonings     | 1 2 3 4 5 6 7 8 |  8.8
Necromancy     | 1 2 3 4 5 6 7 8 |  8.8
Translocations | 1 2 3 4 5 6 7 8 |  8.8
Transmutations | 1 2 3 4 5 6 7 8 |  8.8
Fire Magic     | 1 2 3 4 5 6 7 8 |  8.8
Air Magic      | 1 2 3 4 5 6 7 8 |  8.8
Earth Magic    | 1 2 3 4 5 6 7 8 |  8.8
Poison Magic   | 1 2 3 4 5 6 7 8 |  8.8
Dodging        | 5 6 7 8 9 10 11 | 11.3
Stealth        | 5 6 7 8 9 10 11 | 11.1
Ice Magic      | 8 9 10 11 | 11.2

Action                   |  1- 3 |  4- 6 |  7- 9 | 10-12 | 13-15 || total
-------------------------+-------+-------+-------+-------+-------++-------
Melee: Unarmed           |    18 |    17 |       |       |       ||    35
       Bite              |       |     8 |    26 |    54 |   137 ||   225
       Punch             |       |     1 |     5 |    18 |       ||    24
       Whip              |       |    90 |    25 |       |       ||   115
       Hand axe          |       |       |   235 |   460 |   874 ||  1569
       Battleaxe         |       |       |       |    17 |       ||    17
       Trident           |       |       |       |       |    38 ||    38
       Long sword        |       |       |       |       |   122 ||   122
       Headbutt          |       |       |       |       |    38 ||    38
 Cast: Freeze            |    34 |    27 |     7 |     5 |     3 ||    76
       Frozen Ramparts   |     2 |    15 |    23 |    40 |    58 ||   138
       Mephitic Cloud    |       |       |       |    26 |    23 ||    49
       Blink             |       |       |       |     6 |     6 ||    12
       Hailstorm         |       |       |       |     3 |     2 ||     5
       Fireball          |       |       |       |     4 |    39 ||    43
       Static Discharge  |       |       |       |     1 |     1 ||     2
       Olgreb's Toxic Ra |       |       |       |       |    23 ||    23
       Freezing Cloud    |       |       |       |       |     2 ||     2
Evoke: Wand              |       |       |       |    14 |       ||    14
       Condenser vane    |       |       |       |       |     1 ||     1
  Use: Scroll            |       |     3 |    16 |    11 |    20 ||    50
       Potion            |       |     5 |       |     3 |    10 ||    18
 Stab: Sleeping          |     2 |     8 |     4 |     4 |    13 ||    31
       Distracted        |       |       |     1 |       |     3 ||     4
       Confused          |       |       |       |    17 |    15 ||    32
Armor: Robe              |     3 |    20 |       |       |       ||    23
       Scale mail        |       |     1 |   138 |   233 |   229 ||   601
       Ring mail         |       |       |       |       |   232 ||   232
Dodge: Dodged            |    39 |   120 |   188 |   442 |   835 ||  1624
Block: Buckler           |       |       |       |    25 |   393 ||   418
       Rpst.: Long sword |       |       |       |       |    22 ||    22

Table legend: (Time is in decaauts)
 A = Elapsed time spent in this place.
 B = Non-inter-level travel time spent in this place.
 C = Inter-level travel time spent in this place.
 D = Time resting spent in this place.
 E = Time spent auto-exploring this place.
 F = Levels seen in this place.
 G = Mean time per level.
                   A        B        C        D        E       F      G
               +--------+--------+--------+--------+--------+-----+--------+
         Total |  26782 |  24970 |   1812 |   7963 |  10840 |  25 | 1071.3 |
       Dungeon |  16263 |  14975 |   1288 |   5023 |   6220 |  13 | 1251.0 |
        Temple |    228 |    207 |     21 |      0 |    203 |   1 |  228.0 |
          Lair |   7020 |   6574 |    446 |   1728 |   3568 |   6 | 1170.0 |
  Orcish Mines |   1236 |   1180 |     56 |    225 |    680 |   2 |  618.0 |
        Bailey |    463 |    463 |      0 |    283 |      9 |   1 |  463.0 |
      Ice Cave |   1444 |   1444 |      0 |    703 |    159 |   1 | 1444.0 |
       Volcano |    126 |    126 |      0 |      0 |      0 |   1 |  126.0 |
               +--------+--------+--------+--------+--------+-----+--------+

Top non-repeatable levels by time:
    D:10: 2673 daAuts
     D:8: 1759 daAuts
    D:11: 1583 daAuts
     D:2: 1569 daAuts
  Lair:5: 1480 daAuts
  Lair:2: 1474 daAuts
   IceCv: 1444 daAuts
    D:12: 1246 daAuts
     D:7: 1221 daAuts
     D:9: 1192 daAuts
  Lair:6: 1187 daAuts
     D:4: 1132 daAuts
  Lair:1: 1112 daAuts
     D:3: 1028 daAuts
  Lair:4: 1002 daAuts
